 Dungeon Crawl Stone Soup version 0.21-a0-509-gecc5317 (webtiles) character file.

18 mortelune the Digger (level 2, 0/16 HPs)
             Began as a Gargoyle Earth Elementalist on Nov 29, 2017.
             Slain by an iguana (4 damage)
             ... on level 1 of the Dungeon.
             The game lasted 00:02:57 (1413 turns).

mortelune the Digger (Gargoyle Earth Elementalist)  Turns: 1413, Time: 00:02:58

Health: 0/16       AC:  4    Str: 11    XL:     2   Next: 66%
Magic:  0/5        EV: 12    Int: 15    God:
Gold:   62         SH:  0    Dex: 10    Spells: 4/5 levels left

rFire    . . .     SeeInvis .   a - +0 whip
rCold    . . .     Gourm    .   (no shield)
rNeg     + . .     Faith    .   c - +0 robe
rPois    ∞         Spirit   .   (no helmet)
rElec    +         Reflect  .   (no cloak)
rCorr    .         Harm     .   (no gloves)
MR       .....                  (no boots)
Stlth    ++........             i - amulet of regeneration
HPRegen  0.45/turn              (no ring)
MPRegen  0.09/turn              (no ring)

@: no status effects
A: negative energy resistance 1, electricity resistance, unbreathing,
petrification resistance, rot immunity, AC +2
a: no special abilities


You were on level 1 of the Dungeon.
You were near starving.

You visited 1 branch of the dungeon, and saw 2 of its levels.

You collected 62 gold pieces.

Inventory:

Hand Weapons
 a - a +0 whip (weapon)
Missiles
 b - 55 stones (quivered)
Armour
 c - a +0 robe (worn)
 f - a +0 leather armour
Jewellery
 i - an amulet of regeneration (around neck)
Scrolls
 g - 3 scrolls of identify {unknown}
 j - a scroll of remove curse {unknown}
Potions
 h - a potion of ambrosia {unknown}
Books
 e - a book of Geomancy

   Spells                             Type                      Level
   a - Sandblast                      Earth                        1
   b - Passwall                       Transmutation/Earth          2
   c - Stone Arrow                    Conjuration/Earth            3
   d - Petrify                        Transmutation/Earth          4
   e - Lee's Rapid Deconstruction     Earth                        5
Comestibles
 d - a bread ration
 k - a royal jelly


   Skills:
 + Level 0.8 Fighting
 - Level 1.5 Dodging
 * Level 2.9 Stealth
 + Level 2.2 Spellcasting
   Level 0.7 Transmutations
 + Level 3.8 Earth Magic


You had 4 spell levels left.
You knew the following spells:

 Your Spells              Type           Power        Failure   Level  Hunger
a - Sandblast             Erth           ##....       4%          1    #......


Dungeon Overview and Level Annotations

Branches:
Dungeon (2/15)

Altars:
The Shining One


Innate Abilities, Weirdness & Mutations

You are resistant to torment.
Your stone body is resilient. (AC +2)
You are immune to poison.
You resist negative energy. (rN+)
You are resistant to electric shocks. (rElec)
You can survive without breathing.
You are immune to petrification.
You are immune to rotting.


Message History

Aim: an iguana (heavily wounded)
The blast of sand hits the iguana.
The iguana is heavily wounded.
b - 55 stones The iguana barely misses you.
You completely miss the iguana.
The iguana is heavily wounded.
The iguana closely misses you.
You hit the iguana.
The iguana is almost dead.
The iguana completely misses you.
You hit the iguana but do no damage.
The iguana is almost dead.
The iguana bites you!
Ouch! That really hurt!
* * * LOW HITPOINT WARNING * * *
You closely miss the iguana.
The iguana is almost dead.
The iguana bites you.
You die...

# ######### ###### ........#
#...[# ...#....###########
#....#
##.#....#.......@.#######.####
#......#.######l...........#
##.....#.# #..######..#.#
#.....#.# #..# #..#.#
##....#.# #..# #..#.#
####....#.######..# #..#.#
............>..#..# #..#.#
####.##....)......#######.#.#
#..#.#.####............#.#


You could see an iguana.

Vanquished Creatures
  A dart slug (D:1)
  A leopard gecko (D:1)
  A giant cockroach (D:1)
  2 goblins (D:1)
  2 hobgoblins
  2 jackals (D:1)
  2 kobolds
  A rat (D:1)
12 creatures vanquished.

Notes
Turn   | Place    | Note
-------+----------+-------------------------------------------
     0 | D:1      | mortelune the Gargoyle Earth Elementalist began the quest for the Orb.
     0 | D:1      | Reached XP level 1. HP: 10/10 MP: 3/3
   334 | D:1      | Reached XP level 2. HP: 13/16 MP: 5/5
   397 | D:1      | Found a glowing golden altar of the Shining One.
  1413 | D:1      | Slain by an iguana

Vault maps used:
D:1:      minmay_arrival_four_circles, tso_metal_star
D:2:      lemuel_crystal_altar, minmay_item_behind_shaft, serial_park_tiny_pond

Action                   || total
-------------------------++-------
Melee: Whip              ||    39
 Cast: Sandblast         ||    15
 Stab: Sleeping          ||     1
Armor: Robe              ||    13
Dodge: Dodged            ||    27

Table legend:
 A = Spawn XP
 B = Non-spawn XP
 C = Spawn XP percentage of total XP
 D = Spawn monster count
 E = Non-spawn monster count
 F = Spawn count percentage of total count
 G = Total turns spent on level
                    A         B        C        D         E        F      G
               +---------+---------+-------+---------+---------+-------+---------
         Total |       0 |      26 |   0.0 |       0 |      12 |   0.0 |  1413
               +---------+---------+-------+---------+---------+-------+---------
           D:1 |       0 |      22 |   0.0 |       0 |      10 |   0.0 |  1338
           D:2 |       0 |       4 |   0.0 |       0 |       2 |   0.0 |    75
               +---------+---------+-------+---------+---------+-------+---------
